 Dungeon Crawl Stone Soup version 0.24.0-125-gc4c63601f3 (webtiles) character file.

Game seed: 1362898837925468808, levelgen mode: deterministic

49 Divind the Shield-Bearer (level 4, 0/37 HPs)
             Began as a Formicid Fighter on Mar 6, 2020.
             Killed from afar by Ijyb (8 damage)
             ... with a bolt of acid
             ... on level 3 of the Dungeon.
             The game lasted 00:01:38 (1206 turns).

Divind the Shield-Bearer (Formicid Fighter)         Turns: 1206, Time: 00:01:39

Health: 0/37       AC:  5    Str: 22    XL:     4   Next: 1%
Magic:  4/4        EV:  6    Int:  7    God:
Gold:   97         SH:  9    Dex: 10    Spells: 3/3 levels left

rFire    . . .     SeeInvis +   a - +0 long sword
rCold    . . .     Gourm    .   c - +0 shield
rNeg     . . .     Faith    .   j - +0 chain mail
rPois    .         Spirit   .   (helmet unavailable)
rElec    .         Reflect  .   (no cloak)
rCorr    .         Harm     .   (no gloves)
MR       .....                  (no boots)
Stlth    ..........             (no amulet)
HPRegen  0.12/turn              (no ring)
MPRegen  0.09/turn              (no ring)

@: corroded
A: permanent stasis, dig shafts and tunnels, four strong arms, antennae 3
a: Dig, Shaft Self


You were on level 3 of the Dungeon.
You were not hungry.

You visited 1 branch of the dungeon, and saw 3 of its levels.

You collected 97 gold pieces.

Inventory:

Hand Weapons
 a - a +0 long sword (weapon)
Armour
 b - a +0 scale mail
 c - a +0 shield (worn)
 j - a +0 chain mail (worn)
Scrolls
 e - 2 scrolls of amnesia {unknown}
 h - 2 scrolls of remove curse {unknown}
 k - a scroll of noise {unknown}
 m - a scroll of enchant weapon {unknown}
 n - a scroll of teleportation {unknown}
Potions
 d - a potion of might
 g - a potion of haste {unknown}
 i - a potion of berserk rage {unknown}
 l - a potion of curing {unknown}
Comestibles
 f - 7 rations


   Skills:
 + Level 4.0 Fighting
 + Level 2.3 Long Blades
 + Level 3.6 Armour
 + Level 4.2 Shields


You had 3 spell levels left.
You didn't know any spells.
Your spell library was empty.

Dungeon Overview and Level Annotations

Branches:
Dungeon (3/15)

Altars:

Annotations:
D:3 Ijyb


Innate Abilities, Weirdness & Mutations

You cannot be hasted, slowed, berserked, paralysed or teleported.
You can dig through walls and to a lower floor.
Your four strong arms can wield two-handed weapons with a shield.
You have a pair of large antennae on your head. (SInv)


Message History

You climb downwards.
Found a scroll labeled FUVUP CYO.
Found a stone staircase leading up.
There is a stone staircase leading up here.
n - a scroll labeled FUVUP CYO HP restored.
Found a stone staircase leading down.
Ijyb the Twisted Goblin comes into view.
She is wearing a +2 leather armour of fire resistance and carrying a wand of acid (7).
Ijyb shouts!
You hear an angry hiss.
A frilled lizard comes into view.
Ijyb drinks a potion.
Ijyb suddenly seems more agile.
Ijyb hits you but does no damage.
You closely miss Ijyb. Ijyb hits you but does no damage.
You closely miss Ijyb. You block Ijyb's attack.
You closely miss Ijyb.
Ijyb zaps a wand.
The bolt of acid hits you! The acid corrodes you!
You are splashed with acid!
* * * LOW HITPOINT WARNING * * *
You block Ijyb's attack.
You closely miss Ijyb. You block Ijyb's attack.
You hit Ijyb but do no damage.
Ijyb zaps a wand.
The bolt of acid hits you!
You die...

### #.. #.# #l#
########### #g#
#.........# #@#
#.........###.##
+.............>#
#.........###..#
#.........# #..#
#.........# #..#
#.........###..###
#.........<.......
#.........########


You could see Ijyb and a frilled lizard.

Vanquished Creatures
  Jessica (D:2)
  A dart slug (D:2)
  4 giant cockroaches
  A goblin (D:1)
  2 hobgoblins
  2 quokkas (D:2)
  2 ball pythons
  A bat (D:2)
  A frilled lizard (D:1)
  4 kobolds
  2 rats (D:2)
21 creatures vanquished.

Notes
Turn   | Place    | Note
-------+----------+-------------------------------------------
     0 | D:1      | Divind the Formicid Fighter began the quest for the Orb.
     0 | D:1      | Reached XP level 1. HP: 18/18 MP: 1/1
   201 | D:1      | Reached XP level 2. HP: 24/24 MP: 2/2
   812 | D:2      | Reached XP level 3. HP: 29/30 MP: 3/3
  1073 | D:2      | Noticed Jessica
  1080 | D:2      | Killed Jessica
  1080 | D:2      | Reached XP level 4. HP: 23/37 MP: 4/4
  1198 | D:3      | Noticed Ijyb
  1206 | D:3      | Killed from afar by Ijyb

Levels and vault maps discovered:
D:1:      dpeg_arrival_short_road, layout_loops_ring, minivault_14
D:2:      layout_loops_ring, uniq_jessica
D:3:      layout_basic, first_ration, interstate_on_off, uniq_ijyb,
          uniq_terence, uniq_robin

Skill      XL: |  1  2  3 |
---------------+----------+-----
Shields        | 4 |  4.2
Fighting       | 4 |  4.0
Long Blades    | |  2.3
Armour         | |  3.6

Action                   |  1- 3 |  4- 6 || total
-------------------------+-------+-------++-------
Melee: Long sword        |    55 |     5 ||    60
  Eat: Chunk             |     1 |       ||     1
Armor: Scale mail        |    11 |       ||    11
       Chain mail        |    23 |     2 ||    25
Dodge: Dodged            |     9 |       ||     9
Block: Shield            |    32 |     3 ||    35
       Rpst.: Long sword |     4 |       ||     4
